 Dungeon Crawl Stone Soup version 0.20.1-1-g8b1a95d (webtiles) character file.

128 Romulous the Skirmisher (level 4, -9/41 HPs)
             Began as a Minotaur Fighter on Oct 8, 2017.
             Mangled by a two-headed ogre
             ... wielding a +0 giant club
              (15 damage)
             ... on level 6 of the Dungeon.
             The game lasted 00:28:13 (2834 turns).

Romulous the Skirmisher (Minotaur Fighter)          Turns: 2834, Time: 00:28:14

Health: -9/41      AC: 18    Str: 21    XL:     4   Next: 87%
Magic:  3/3        EV:  4    Int:  5    God:
Gold:   172        SH:  9    Dex: 10    Spells: 3/3 levels left

rFire    . . .     SeeInvis .   a - +0 war axe
rCold    . . .     Gourm    .   c - +0 shield
rNeg     . . .     Faith    .   l - +0 plate armour (curse)
rPois    .         Spirit   .   (helmet restricted)
rElec    .         Reflect  .   (no cloak)
rCorr    .         Harm     .   (no gloves)
MR       +....                  (no boots)
Stlth    ..........             (no amulet)
Regen    0.2/turn               u - +6 ring of protection
MPRegen  0.1/turn               h - ring of protection from magic

@: no status effects
A: retaliatory headbutt, horns 2
a: no special abilities


You were on level 6 of the Dungeon.
You were not hungry.

You visited 1 branch of the dungeon, and saw 5 of its levels.

You collected 172 gold pieces.

Inventory:

Hand Weapons
 a - a +0 war axe (weapon)
 i - a +2 dagger of freezing
Armour
 c - a +0 shield (worn)
 l - a cursed +0 plate armour (worn)
Jewellery
 h - a ring of protection from magic (right hand)
 u - a +6 ring of protection (left hand)
Scrolls
 f - a scroll of noise {unknown}
 j - 2 scrolls of identify {unknown}
 n - 2 scrolls of remove curse {unknown}
 o - a scroll of amnesia {unknown}
Potions
 b - 2 potions of mutation {unknown}
 d - a potion of might
 e - a potion of cancellation {unknown}
 g - a potion of resistance {unknown}
 p - a potion of degeneration {unknown}
 r - a potion of flight {unknown}
 t - a potion of curing {unknown}
 w - a potion of agility {unknown}
Comestibles
 k - 2 royal jellies
 m - a meat ration
 q - a fruit


   Skills:
 + Level 4.6 Fighting
 + Level 4.1 Axes
 + Level 4.4 Armour
 + Level 4.4 Shields


You had 3 spell levels left.
You didn't know any spells.

Dungeon Overview and Level Annotations

Branches:
Dungeon (7/15)             Temple (0/1) D:6

Altars:
Elyvilon
Trog


Innate Abilities, Weirdness & Mutations

You reflexively headbutt those who attack you in melee.
You have a pair of horns on your head.


Message History

As you read the scroll labeled SUUHEMM UDEG, it crumbles to dust.
You feel aware of your surroundings.
It was a scroll of magic mapping.
The orc priest moves out of view.
The orc barely misses you. You furiously retaliate!
You headbutt the orc. The gnoll hits you but does no damage.
You block the orc's attack.
You slash the orc!
You kill the orc!
You hit the two-headed ogre but do no damage.
You hit the orc. The gnoll hits you but does no damage.
The two-headed ogre hits you but does no damage.
The two-headed ogre barely misses you. The orc hits you but does no damage.
The orc priest casts a cantrip, but nothing happens.
The gnoll hits you but does no damage. The orc hits you but does no damage.
Things that are here:
a hand axe; a leather armour; an orc corpse The orc hits you but does no damage.
You block the orc priest's attack. You block the orc's attack.
The two-headed ogre hits you with a giant club!
You die...

#.# #o#.# #...#.#,,****#
#.# #.#.#######.#,,* # #.#
#..........,#,,****# #.#
#.#g#######**,,,,<*#
#.##########.#.#####*
**,****#
#...g.go.....#o#...,*****,*
#
############.#g#.##,*,,,,,*
# #.#Ooo.#.#,********#
#..@.....#,,,,,,,,,.
#.###.####*********# ###
*## #


You could see a two-headed ogre, an orc priest, 2 gnolls and 2 orcs.

Vanquished Creatures
  A worker ant (D:3)
  3 gnolls (D:2)
  An adder (D:2)
  A worm (D:2)
  A dart slug (D:2)
  3 leopard geckos
  An orc (D:6)
  6 bats
  5 giant cockroaches
  8 goblins
  4 hobgoblins
  4 jackals (D:3)
  A quokka (D:2)
  2 ball pythons (D:1)
  6 frilled lizards
  4 kobolds
  7 rats
58 creatures vanquished.

Notes
Turn   | Place    | Note
-------+----------+-------------------------------------------
     0 | D:1      | Romulous the Minotaur Fighter began the quest for the Orb.
     0 | D:1      | Reached XP level 1. HP: 19/19 MP: 0/0
   208 | D:1      | Reached XP level 2. HP: 27/27 MP: 1/1
  1360 | D:2      | Reached XP level 3. HP: 29/33 MP: 2/2
  1671 | D:2      | Reached XP level 4. HP: 41/41 MP: 3/3
  1968 | D:2      | Found a bloodstained altar of Trog.
  2438 | D:3      | You fall through a shaft for 3 floors!
  2445 | D:6      | Noticed a two-headed ogre
  2513 | D:6      | HP: 1/41 [gnoll (2)]
  2520 | D:6      | Found a white marble altar of Elyvilon.
  2834 | D:6      | Mangled by a two-headed ogre

Skill      XL: |  1  2  3  4 |
---------------+-------------+-----
Shields        | 4 |  4.4
Fighting       | 4 |  4.6
Armour         | 4 |  4.4
Axes           | 3 4 |  4.1

Action                   |  1- 3 |  4- 6 || total
-------------------------+-------+-------++-------
Melee: War axe           |   103 |    54 ||   157
       Headbutt          |    15 |    10 ||    25
  Use: Scroll            |       |     1 ||     1
  Eat: Bread ration      |     1 |       ||     1
       Royal jelly       |       |     1 ||     1
       Chunk             |       |     1 ||     1
Armor: Scale mail        |    14 |       ||    14
       Plate armour      |    37 |    51 ||    88
Dodge: Dodged            |    18 |    16 ||    34
Block: Shield            |    52 |    54 ||   106
